 Dungeon Crawl Stone Soup version 0.30.0-5-g1a98f26d00 (webtiles) character file.

Game seed: 16385705999839599472

121 Gabide the Ruffian (level 4, -2/37 HPs)
             Began as a Mummy Berserker on May 12, 2023.
             Was a Believer of Trog.
             Killed by divine providence
             ... invoked by an orc priest
              (17 damage)
             ... on level 3 of the Dungeon.
             The game lasted 00:03:03 (2087 turns).

Gabide the Ruffian (Mummy Berserker)                Turns: 2087, Time: 00:03:04

Health: -2/37      AC: 10    Str: 22    XL:     4   Next: 76%
Magic:  4/4        EV: 11    Int:  6    God:    Trog [**....]
Gold:   140        SH:  0    Dex: 11    Spells: 3/3 levels left

rFire   x .          .
                       - Unarmed
rCold   + . .        (no shield)
rNeg    + + +        f - +0 ring mail
rPois   ∞            c - +1 helmet
rElec   .            (no cloak)
rCorr   .            (no gloves)
SInv    .            d - +2 pair of boots
Will    ++...        (no amulet)
Stlth   +            (no ring)
HPRegen 1.26/turn    (no ring)
MPRegen 0.09/turn

%: faith
@: strong-willed, regenerating
A: cold resistance 1, negative energy resistance 3, torment resistance 2, heat
vulnerability 1, in touch with death 1, no potions, faith
a: Renounce Religion, Trog's Hand


You were on level 3 of the Dungeon.
You worshipped Trog.
Trog was pleased with you.
You visited 1 branch of the dungeon, and saw 3 of its levels.

You collected 140 gold pieces.

Inventory:

Armour
 c - a +1 helmet (worn)
 d - a +2 pair of boots (worn)
 f - a +0 ring mail (worn)
Scrolls
 b - a scroll of poison
 e - 2 scrolls of teleportation


   Skills:
 + Level 4.0 Fighting
 - Level 1.5 Armour
 - Level 1.5 Dodging
 * Level 4.0 Unarmed Combat


You had 3 spell levels left.
You didn't know any spells.
Your spell library was empty.

Dungeon Overview and Level Annotations

Branches:
Dungeon (3/15)

Altars:


Innate Abilities, Weirdness & Mutations

You are immune to poison.
Your flesh is cold resistant. (rC+)
You are immune to negative energy. (rN+++)
You are immune to unholy pain and torment.
You are vulnerable to heat. (rF-)
You are in touch with the powers of death.
You do not drink.
You have a special connection with the divine. (Faith)


Message History

The adder is almost dead.
You feel the effects of Trog's Hand fading.
The adder bites you but does no damage.
You hit the adder but do no damage.
The adder is almost dead.
The adder closely misses you.
You punch the adder!
You kill the adder!
Trog accepts your kill.
Your Fighting skill increases to level 4!
Your Unarmed Combat skill increases to level 4!
The orc priest invokes the aid of Beogh against you.
Beogh smites you! The orc hits you but does no damage.
Things that are here:
an adder corpse; a frilled lizard corpse The orc attacks as you move away!
The orc hits you but does no damage.
You hit the orc but do no damage. The orc barely misses you.
You closely miss the orc. You hit the orc.
The orc is moderately wounded.
Your skin stops crawling.
You feel less strong-willed. The orc hits you but does no damage. x2
The orc priest calls down the wrath of Beogh upon you.
Beogh smites you!
* * * LOW HITPOINT WARNING * * *
The orc attacks as you move away! The orc hits you with a +0 mace.
* * * LOW HITPOINT WARNING * * *
Your skin crawls.
You feel strong-willed. The orc hits you but does no damage.
You see here 4 stones.
You see here a ball python corpse.
You barely miss the orc.
The orc is moderately wounded.
The orc hits you with a +0 mace.
You barely miss the orc.
The orc is moderately wounded.
The orc priest calls down the wrath of Beogh upon you.
Beogh smites you!
You die...

..##.####.# ..#.#..# ..........#
##......# .#......###
##.†##...#### ###......##
#..#.oo.....# #...#.#...###
######o##oo....(.#
..###.#.....###o.(oo.##........#
## #.#####....†#######........#
#..#.....[.o.# ####.#####
##...####..#@# #)###### ...#
##.#...# ###.....=. ## #..##....
#..o...... ##.# ###..#..#......
#.. #....#...... ####
#.#o###.#... ...#o ..#.. ##. ..
..... # ... ..#..


You could see an orc priest and an orc.

Vanquished Creatures
  Terence (D:2)
  2 adders
  2 worms
  4 dart slugs
  3 ball pythons
  4 endoplasms
  2 giant cockroaches (D:1)
  6 goblins
  7 hobgoblins
  10 jackals
  3 quokkas
  3 bats
  5 frilled lizards
  3 kobolds
  3 rats
58 creatures vanquished.

Notes
Turn   | Place    | Note
-------+----------+-------------------------------------------
     0 | D:1      | Gabide the Mummy Berserker began the quest for the Orb.
     0 | D:1      | Reached XP level 1. HP: 18/18 MP: 1/1
   341 | D:1      | Reached XP level 2. HP: 24/24 MP: 2/2
   684 | D:1      | Reached ** piety under Trog
   685 | D:1      | Gained mutation: You are in touch with the powers of death.
                  | [Mummy growth]
   685 | D:1      | Reached XP level 3. HP: 29/29 MP: 3/3
  1060 | D:2      | Noticed Terence
  1569 | D:2      | Killed Terence
  1570 | D:2      | Reached XP level 4. HP: 24/37 MP: 4/4
  1822 | D:2      | You fall into a shaft and drop 1 floor!
  2087 | D:3      | Killed from afar by an orc priest

Illustrated notes

Levels and vault maps discovered:
D:1:      matt_arrival_debris, layout_loops_corners
D:2:      layout_loops_ring, uniq_terence
D:3:      layout_rooms, st_stairs_12, hangedman_decor_lopped, uniq_natasha

Skill      XL: |  1  2  3  4 |
---------------+-------------+-----
Unarmed Combat | 3 4 |  4.0
Fighting       | 4 |  4.0
Armour         | |  1.5
Dodging        | |  1.5

Action                     |  1- 3 |  4- 6 || total
---------------------------+-------+-------++-------
  Melee: Unarmed           |   172 |    73 ||   245
         Punch             |     6 |       ||     6
 Invoke: Trog's Hand       |     2 |     2 ||     4
    Use: Scroll            |     5 |     2 ||     7
 Armour: Animal skin       |     3 |       ||     3
         Ring mail         |    47 |    33 ||    80
  Dodge: Dodged            |    97 |    41 ||   138
